[Event "January 9 Early 2024"]
[Site "https://www.chess.com"]
[Date "2024.01.11"]
[Round "4"]
[White "Bogumil, Tatiana"]
[Black "Mrudul Dehankar"]
[Result "1-0"]
[Board "229"]
[TimeControl "180+1"]
[WhiteFideId "4110579"]
[BlackFideId "25096990"]
[WhiteElo "2114"]
[BlackElo "2415"]
[WhiteTeam "RUS"]
[BlackTeam "IND"]
[WhiteClock "0:00:12"]
[BlackClock "0:00:01"]

1. Nf3 Nf6 2. c4 c5 3. b3 g6 4. Bb2 Bg7 5. g3 Nc6 6. Bg2 O-O 7. O-O d6 8. d4 cxd4 9. Nxd4 Bd7 10. Nc2 Rc8 11. Nc3 a6 12. Qd2 Qa5 13. a3 b5 14. b4 Qb6 15. cxb5 axb5 16. Nd5 Nxd5 17. Bxg7 Kxg7 18. Bxd5 Ne5 19. Qd4 Qxd4 20. Nxd4 e6 21. Bg2 Rc4 22. Nb3 Rc3 23. Na5 Rfc8 24. Rfd1 d5 25. e3 Kf8 26. Kf1 Ke7 27. Ke2 Rc2+ 28. Rd2 Rc1 29. Rxc1 Rxc1 30. h3 Rc3 31. Ra2 f5 32. Bf1 Nf7 33. Kd2 Rc8 34. Nb7 Nd6 35. Nc5 Bc6 36. Kc3 Nc4 37. Kd4 Nb6 38. f4 Kd6 39. Bd3 Nd7 40. a4 Nxc5 41. bxc5+ Kc7 42. axb5 Bb7 43. b6+ 1-0

[Event "January 9 Early 2024"]
[Site "https://www.chess.com"]
[Date "2024.01.11"]
[Round "4"]
[White "Kuznecova, Marija"]
[Black "Sasvatha A"]
[Result "1-0"]
[Board "230"]
[TimeControl "180+1"]
[WhiteFideId "11618736"]
[BlackFideId "45010862"]
[WhiteElo "2396"]
[BlackElo "2160"]
[WhiteTeam "LAT"]
[BlackTeam "IND"]
[WhiteClock "0:00:18"]
[BlackClock "0:01:03"]

1. e4 c6 2. d4 d5 3. e5 Bf5 4. Nf3 e6 5. Be2 c5 6. Be3 cxd4 7. Nxd4 Bg6 8. O-O a6 9. f4 Nc6 10. Kh1 Nxd4 11. Bxd4 Ne7 12. Nd2 h5 13. Nf3 Nf5 14. Bd3 h4 15. Bxf5 Bxf5 16. h3 Be4 17. Ng5 Bf5 18. c3 Qc7 19. Rc1 Bc5 20. c4 Bxd4 21. Qxd4 dxc4 22. Rxc4 Qe7 23. Rfc1 O-O 24. Rc7 Qd8 25. Qxd8 Raxd8 26. Rxb7 Rd4 27. Rf1 Rd2 28. Nf3 Rc2 29. Nxh4 Be4 30. Rb4 Bd3 31. Rd1 Be2 32. Re1 Bb5 33. a4 Bc6 34. b3 Rd8 35. Rb6 Rdd2 36. Rg1 Bd5 37. b4 Kh7 38. Rxa6 Kh6 39. Kh2 Kh5 40. Kg3 Rd3+ 41. Nf3 Rc4 42. Rb6 Rb3 43. a5 Rcxb4 44. Rxb4 Rxb4 45. Ra1 Bxf3 46. Kxf3 Rb7 47. a6 Ra7 48. Ke4 Kh4 49. Kd4 Kg3 50. Kc5 Kxg2 51. Kb6 Ra8 52. Kb7 Rd8 53. a7 Kxh3 54. a8=Q Rxa8 55. Rxa8 Kg4 56. Rg8 Kxf4 57. Rxg7 Kxe5 58. Rxf7 Kd5 59. Rf8 e5 60. Kb6 e4 61. Rd8+ Ke5 62. Kc5 e3 63. Kc4 Ke4 64. Kc3 e2 65. Re8+ Kf3 66. Kd2 Kf2 67. Rxe2+ Kf1 68. Re8 1-0

[Event "January 9 Early 2024"]
[Site "https://www.chess.com"]
[Date "2024.01.11"]
[Round "4"]
[White "Navara, David"]
[Black "Rohith Krishna S"]
[Result "1-0"]
[Board "231"]
[TimeControl "180+1"]
[WhiteFideId "309095"]
[BlackFideId "46617051"]
[WhiteElo "3001"]
[BlackElo "2830"]
[WhiteTeam "CZE"]
[BlackTeam "IND"]
[WhiteClock "0:00:08"]
[BlackClock "0:00:03"]

1. d4 Nf6 2. c4 e6 3. Nc3 Bb4 4. e3 c5 5. Ne2 O-O 6. a3 Ba5 7. dxc5 Bc7 8. b4 a5 9. b5 b6 10. cxb6 Bxb6 11. Na4 d6 12. Nxb6 Qxb6 13. Bb2 e5 14. Nc3 Bb7 15. Qd2 Nbd7 16. Rd1 Ne8 17. Nd5 Bxd5 18. Qxd5 Rc8 19. Be2 Nc5 20. O-O Kh8 21. Kh1 f5 22. f3 Na4 23. Ba1 Qxe3 24. Qd2 Qb6 25. f4 e4 26. Rg1 Nc5 27. Bc3 a4 28. Qe3 Qb7 29. g4 fxg4 30. Rxg4 Nf6 31. Rg2 Qe7 32. Rdg1 Rf7 33. Qh3 Rg8 34. Rg3 d5 35. cxd5 Qd6 36. Bc4 Qxf4 37. d6 e3 38. Bxf7 Nce4 39. Be1 Nf2+ 40. Bxf2 exf2 41. Rf1 Rf8 42. Bh5 Ne4 43. Rf3 Qxf3+ 44. Bxf3 Nd2 45. Bg2 Nxf1 46. Bxf1 1-0

[Event "January 9 Early 2024"]
[Site "https://www.chess.com"]
[Date "2024.01.11"]
[Round "4"]
[White "Shkapenko, Pavel"]
[Black "Srdanovic, Jovana"]
[Result "1-0"]
[Board "232"]
[TimeControl "180+1"]
[WhiteFideId "4151933"]
[BlackFideId "954810"]
[WhiteElo "2760"]
[BlackElo "2548"]
[WhiteTeam "FID"]
[BlackTeam "SRB"]
[WhiteClock "0:00:25"]
[BlackClock "0:00:04"]

1. e4 c5 2. c3 Nf6 3. e5 Nd5 4. d4 cxd4 5. cxd4 e6 6. Nc3 Nxc3 7. bxc3 d6 8. f4 Be7 9. Bd3 g6 10. Nf3 b6 11. h4 h5 12. Ng5 Bxg5 13. hxg5 Bb7 14. Qe2 Nc6 15. O-O dxe5 16. fxe5 Ne7 17. Bb5+ Kf8 18. Ba3 Kg7 19. Bxe7 Qxe7 20. Rf6 h4 21. Raf1 Raf8 22. Kh2 Rh5 23. Qe3 Qa3 24. R1f2 Qe7 25. Be2 Rhh8 26. Bd3 h3 27. g4 Qd7 28. Qf4 Ba8 29. Bxg6 Qb7 30. Rxf7+ Rxf7 31. Qxf7+ Qxf7 32. Bxf7 Rf8 33. g6 Bg2 34. Rf6 Rc8 35. Bxe6 Rxc3 36. Bf5 Ra3 37. g5 Rxa2 38. Rf7+ Kg8 39. Kg3 Bd5 40. Rh7 Ra3+ 41. Kh2 Ra2+ 42. Kxh3 Bg2+ 43. Kg3 Bd5 44. Rd7 Rg2+ 45. Kh3 Rxg5 46. Rxd5 Rxf5 47. Kg4 Rf1 48. e6 Rg1+ 49. Kf5 Rf1+ 50. Ke5 Re1+ 51. Kd6 a5 52. e7 a4 53. Re5 1-0

[Event "January 9 Early 2024"]
[Site "https://www.chess.com"]
[Date "2024.01.11"]
[Round "4"]
[White "Halkias, Stelios"]
[Black "Khamdamova, Afruza"]
[Result "1-0"]
[Board "233"]
[TimeControl "180+1"]
[WhiteFideId "4201809"]
[BlackFideId "14210444"]
[WhiteElo "2730"]
[BlackElo "2536"]
[WhiteTeam "GRE"]
[BlackTeam "UZB"]
[WhiteClock "0:00:13"]
[BlackClock "0:00:03"]

1. d4 Nf6 2. Nf3 d5 3. c4 e6 4. g3 dxc4 5. Bg2 c5 6. O-O Nc6 7. Ne5 Bd7 8. Nxc4 cxd4 9. Bf4 Bc5 10. Nd6+ Bxd6 11. Bxd6 e5 12. Nd2 Be6 13. Bxc6+ bxc6 14. Bxe5 O-O 15. Bxf6 Qxf6 16. Rc1 Bh3 17. Re1 Rad8 18. Ne4 Qg6 19. f3 f5 20. Nc5 f4 21. Kf2 fxg3+ 22. hxg3 Rd5 23. Qd3 Bf5 24. Qc4 Kh8 25. Rcd1 Qh6 26. Rh1 Qe3+ 27. Kf1 d3 28. Nxd3 Bxd3 29. Rxd3 Rxf3+ 30. exf3 Rxd3 31. Qe4 Rd1+ 32. Kg2 Rd2+ 33. Kh3 Qh6+ 34. Kg4 Rd8 35. Rxh6 gxh6 36. Qe5+ Kg8 37. Qe6+ Kf8 38. Qf6+ Ke8 39. Qh8+ Kd7 40. Qxh7+ Kc8 41. Qxa7 Rg8+ 42. Kh3 Rf8 43. Qa8+ 1-0

[Event "January 9 Early 2024"]
[Site "https://www.chess.com"]
[Date "2024.01.11"]
[Round "4"]
[White "Wu, Derek"]
[Black "Cardozo Munar, Carlos Eduardo"]
[Result "1-0"]
[Board "234"]
[TimeControl "180+1"]
[WhiteFideId "30914558"]
[BlackFideId "4409477"]
[WhiteElo "2657"]
[BlackElo "2223"]
[WhiteTeam "USA"]
[BlackTeam "COL"]
[WhiteClock "0:00:24"]
[BlackClock "0:00:01"]

1. e4 e6 2. d4 d5 3. Nd2 c5 4. Ngf3 Nc6 5. c3 Nf6 6. Bd3 Be7 7. O-O dxe4 8. Nxe4 Nxe4 9. Bxe4 cxd4 10. cxd4 Bf6 11. d5 exd5 12. Bxd5 O-O 13. h3 Bf5 14. Re1 Qd7 15. Bxc6 Qxc6 16. Nd4 Qd5 17. Nxf5 Qxf5 18. Qb3 b5 19. Be3 a6 20. Rac1 Rac8 21. Qa3 h6 22. Rxc8 Rxc8 23. Qxa6 Bxb2 24. g4 Qd7 25. Rb1 Rc2 26. Qa8+ Rc8 27. Qe4 Bf6 28. Qf3 Qd3 29. Rd1 Qc3 30. Rc1 Qxc1+ 31. Bxc1 Rxc1+ 32. Kg2 Rc4 33. Qa8+ Kh7 34. Qd5 Rb4 35. Qxf7 Rb2 36. Qd5 b4 37. Qe4+ Kg8 38. Kg3 Kf8 39. Qa8+ Kf7 40. Qd5+ Kf8 41. h4 Bc3 42. Qc5+ Kg8 43. Qc8+ Kh7 44. Qf5+ Kh8 45. g5 hxg5 46. hxg5 Rxa2 47. Qh3+ Kg8 48. Qe6+ 1-0

[Event "January 9 Early 2024"]
[Site "https://www.chess.com"]
[Date "2024.01.11"]
[Round "4"]
[White "Kravtsiv, Martyn"]
[Black "Rogov, Matfey"]
[Result "1-0"]
[Board "235"]
[TimeControl "180+1"]
[WhiteFideId "14113147"]
[BlackFideId "44191308"]
[WhiteElo "2853"]
[BlackElo "2553"]
[WhiteTeam "UKR"]
[BlackTeam "RUS"]
[WhiteClock "0:00:41"]
[BlackClock "0:00:04"]

1. e4 e5 2. Nf3 Nc6 3. Bc4 Bc5 4. b4 Bxb4 5. c3 Ba5 6. d4 d6 7. dxe5 dxe5 8. Qb3 Qd7 9. O-O Bb6 10. Rd1 Na5 11. Bxf7+ Qxf7 12. Rd8+ Ke7 13. Bg5+ Nf6 14. Qxf7+ Kxf7 15. Rxh8 Nc4 16. Bxf6 Kxf6 17. Nbd2 Nd6 18. Rc1 h6 19. c4 Nf7 20. Re8 Bc5 21. Nb3 Ba3 22. Rd1 b6 23. Nxe5 Nxe5 24. Rdd8 a5 25. Rxc8 Rxc8 26. Rxc8 a4 27. Nd4 Bd6 28. Nb5 Ke6 29. Ra8 Nxc4 30. Rxa4 Nd2 31. Rd4 Nb1 32. Nxd6 cxd6 33. f4 Nc3 34. Kf2 Nxa2 35. Ke3 b5 36. f5+ Ke7 37. Kd3 Nc1+ 38. Kc2 Ne2 39. Rd2 Nf4 40. Kc3 Nh5 41. Kd4 Nf4 42. Rb2 b4 43. g3 Nh3 44. Rxb4 Ng1 45. Ke3 Nh3 46. Rb7+ Kf6 47. Rd7 Ke5 48. Rxg7 Ng5 49. Rxg5 hxg5 50. h4 gxh4 51. gxh4 d5 52. exd5 Kxf5 53. Kd4 Kf6 54. Kc5 Ke7 55. Kc6 Kd8 56. h5 1-0

[Event "January 9 Early 2024"]
[Site "https://www.chess.com"]
[Date "2024.01.11"]
[Round "4"]
[White "Jakubowski, Krzysztof"]
[Black "Indjic, Aleksandar"]
[Result "1/2-1/2"]
[Board "236"]
[TimeControl "180+1"]
[WhiteFideId "1112848"]
[BlackFideId "911925"]
[WhiteElo "2678"]
[BlackElo "2886"]
[WhiteTeam "POL"]
[BlackTeam "SRB"]
[WhiteClock "0:00:05"]
[BlackClock "0:00:12"]

1. e4 d5 2. exd5 Qxd5 3. Nc3 Qa5 4. Bc4 Nf6 5. d3 c6 6. Bd2 Qc7 7. Nf3 Bg4 8. h3 Bxf3 9. Qxf3 e6 10. a3 Nbd7 11. Ba2 Be7 12. O-O O-O 13. Rae1 Rfe8 14. Ne2 Bd6 15. g3 b5 16. h4 c5 17. Nf4 c4 18. dxc4 bxc4 19. Nh5 Nxh5 20. Qxh5 Nf6 21. Qf3 Nd5 22. Re4 Qb7 23. Bxc4 Qxb2 24. Rfe1 Rec8 25. Bd3 Nf6 26. Ra4 Qb6 27. h5 Qc6 28. Qxc6 Rxc6 29. h6 gxh6 30. Bxh6 Bf8 31. Bg5 Nd5 32. Rh4 f5 33. Bb5 Rb6 34. Bd7 Kf7 35. c4 Nc7 36. Bf4 Bd6 37. Rxh7+ Kg8 38. Rh4 Bxf4 39. Rxf4 Rd6 40. Ba4 Na6 41. Re5 Rc8 42. Ra5 Nc5 43. Rxa7 Rd3 44. Bb5 Rcd8 45. Rh4 Ne4 46. Rhh7 Rd1+ 47. Kg2 R8d2 48. Rag7+ Kf8 49. Rf7+ Kg8 50. Rhg7+ Kh8 51. Rh7+ Kg8 52. Rfg7+ Kf8 53. Rf7+ Kg8 1/2-1/2

[Event "January 9 Early 2024"]
[Site "https://www.chess.com"]
[Date "2024.01.11"]
[Round "4"]
[White "Musalov, Ruslan"]
[Black "Cieslak, Patryk"]
[Result "0-1"]
[Board "237"]
[TimeControl "180+1"]
[WhiteFideId "4141490"]
[BlackFideId "21078882"]
[WhiteElo "2449"]
[BlackElo "2688"]
[WhiteTeam "RUS"]
[BlackTeam "POL"]
[WhiteClock "0:00:03"]
[BlackClock "0:00:06"]

1. e4 e5 2. Nf3 Nf6 3. Nxe5 Nxe4 4. Qe2 Qe7 5. Qxe4 d6 6. d4 dxe5 7. dxe5 Nc6 8. Nc3 Qxe5 9. Bb5 Qxe4+ 10. Nxe4 Bd7 11. O-O O-O-O 12. Be3 Be7 13. Rad1 a6 14. Be2 Rhe8 15. Ng3 Bd6 16. c3 f5 17. Bf3 f4 18. Rxd6 fxe3 19. Rdd1 exf2+ 20. Rxf2 Ne5 21. Be4 g6 22. Rfd2 Nc4 23. Bxb7+ Kxb7 24. Rxd7 Rxd7 25. Rxd7 Nxb2 26. Rxh7 Re1+ 27. Kf2 Nd3+ 28. Kf3 Rc1 29. Ne4 Ra1 30. g4 Rxa2 31. h4 Rh2 32. h5 gxh5 33. gxh5 a5 34. Kg3 Rh1 35. h6 a4 36. Rd7 Ne5 37. Rd5 Nc6 38. Nc5+ Ka7 39. Nxa4 Rxh6 40. Nc5 Kb6 41. Nd3 Rh1 42. Kf4 Rc1 43. Ke4 Rxc3 44. Rf5 Rc4+ 45. Ke3 Nd4 46. Nf4 Nxf5+ 47. Kd3 Rxf4 0-1

[Event "January 9 Early 2024"]
[Site "https://www.chess.com"]
[Date "2024.01.11"]
[Round "4"]
[White "Lopez Idarraga, Daniel Eduardo"]
[Black "Rosen, Eric"]
[Result "0-1"]
[Board "238"]
[TimeControl "180+1"]
[WhiteFideId "4405501"]
[BlackFideId "2032562"]
[WhiteElo "2415"]
[BlackElo "2668"]
[WhiteTeam "COL"]
[BlackTeam "USA"]
[WhiteClock "0:00:01"]
[BlackClock "0:00:06"]

1. e4 c5 2. Nc3 a6 3. g3 b5 4. Bg2 Bb7 5. Nge2 e6 6. O-O Nf6 7. Re1 b4 8. Nd5 exd5 9. exd5 d6 10. Nd4+ Kd7 11. Nf3 Bxd5 12. c4 Bc6 13. d4 Kc8 14. d5 Bd7 15. a3 Be7 16. axb4 cxb4 17. c5 Bb5 18. Bf4 Ra7 19. Qc2 Kb7 20. Nd4 dxc5 21. d6+ Kb6 22. dxe7 Rxe7 23. Nb3 Nbd7 24. Bd6 Rxe1+ 25. Rxe1 Qc8 26. Re7 Re8 27. h3 Rxe7 28. Bxe7 a5 29. Nd2 Bc6 30. Nc4+ Ka6 31. Bf1 Bb5 32. Nd6 Qc7 33. Nxb5 Qe5 34. Bd6 Qh5 35. Qe2 Kb6 36. Qxh5 Nxh5 37. Nc7 Nhf6 38. Bf4 g5 39. Na8+ Kb7 40. Bg2+ Ka6 41. Bxg5 a4 42. Nc7+ Ka5 43. Bf3 a3 44. bxa3 bxa3 45. Bc1 Kb4 46. Bxa3+ Kxa3 47. Kf1 c4 48. Ke1 c3 49. Kd1 Kb2 0-1

[Event "January 9 Early 2024"]
[Site "https://www.chess.com"]
[Date "2024.01.11"]
[Round "4"]
[White "Bluebaum, Matthias"]
[Black "Bachmann, Axel"]
[Result "1-0"]
[Board "239"]
[TimeControl "180+1"]
[WhiteFideId "24651516"]
[BlackFideId "3700488"]
[WhiteElo "3087"]
[BlackElo "2897"]
[WhiteTeam "GER"]
[BlackTeam "PAR"]
[WhiteClock "0:00:15"]
[BlackClock "0:00:01"]

1. d4 Nf6 2. c4 e6 3. Nc3 Bb4 4. e3 O-O 5. Bd2 b6 6. Nf3 Bb7 7. Bd3 d5 8. cxd5 exd5 9. Rc1 Re8 10. Ne5 Bf8 11. f4 a6 12. O-O c5 13. Be1 cxd4 14. exd4 Nc6 15. Bf2 Rc8 16. Kh1 Bb4 17. Bf5 Rc7 18. Bh4 Be7 19. Bb1 Ne4 20. Nxe4 dxe4 21. Bg3 Nb4 22. Rxc7 Qxc7 23. a3 Nd3 24. Nxd3 exd3 25. Qxd3 g6 26. f5 Qc6 27. Qc2 Qxc2 28. Bxc2 Rc8 29. Bb1 Bd5 30. fxg6 hxg6 31. h3 Bg5 32. Kh2 Rc1 33. Bd3 Rxf1 34. Bxf1 Bc1 35. Bc7 b5 36. b4 Bxa3 37. Ba5 Bc1 38. Kg3 Bg5 39. Be2 Be7 40. Bf3 Bd6+ 41. Kf2 Bxf3 42. Kxf3 f5 43. g4 Kf7 44. gxf5 gxf5 45. d5 Kf6 46. h4 Ke5 47. h5 Kxd5 48. h6 Be5 49. h7 Kc4 50. Bc7 Bh8 51. Kf4 Kd5 52. Kxf5 Bc3 53. Bd8 1-0

[Event "January 9 Early 2024"]
[Site "https://www.chess.com"]
[Date "2024.01.11"]
[Round "4"]
[White "Fernandez Garcia, Gumersindo"]
[Black "Hamblok, Roel"]
[Result "1/2-1/2"]
[Board "240"]
[TimeControl "180+1"]
[WhiteFideId "24516740"]
[BlackFideId "209317"]
[WhiteElo "2376"]
[BlackElo "2638"]
[WhiteTeam "ESP"]
[BlackTeam "BEL"]
[WhiteClock "0:00:30"]
[BlackClock "0:00:04"]

1. e4 c5 2. c3 e6 3. d4 d5 4. exd5 exd5 5. Nf3 Nc6 6. Bb5 cxd4 7. Nxd4 Bd7 8. O-O Bd6 9. Re1+ Nge7 10. Nd2 Nxd4 11. Bxd7+ Qxd7 12. cxd4 O-O 13. Nf3 Nc6 14. Qd3 h6 15. Bd2 Rfe8 16. g3 Qg4 17. Kg2 Re4 18. h3 Qe6 19. Re3 f5 20. Rae1 Re8 21. Bc3 a6 22. Nd2 Rxe3 23. Rxe3 Qf7 24. Rxe8+ Qxe8 25. Qe3 Qxe3 26. fxe3 Kf7 27. Nb3 Ke6 28. Kf3 h5 29. h4 g6 30. Nc1 Ne7 31. Nd3 Ng8 32. a3 b6 33. Bb4 Bc7 34. a4 a5 35. Be1 Nf6 36. b4 axb4 37. Bxb4 Ne4 38. Be1 g5 39. hxg5 Nxg5+ 40. Kg2 Ne4 41. Kh3 Kf7 42. Nb4 Nf6 43. Kh4 Kg6 44. Na6 Bd6 45. Bb4 Bxb4 46. Nxb4 Kf7 47. Kg5 Ke6 48. Nd3 Ne4+ 49. Kxh5 Nxg3+ 50. Kg5 Ne4+ 51. Kg6 Nc3 52. Nf4+ Kd6 53. Kxf5 Nxa4 54. e4 dxe4 55. Kxe4 Nc3+ 56. Kd3 Nd5 57. Ne2 b5 58. Nc1 Nb4+ 59. Ke4 Nc6 60. Nb3 Nxd4 61. Kxd4 b4 62. Kc4 Ke6 63. Kxb4 1/2-1/2

[Event "January 9 Early 2024"]
[Site "https://www.chess.com"]
[Date "2024.01.11"]
[Round "4"]
[White "Rietze, Clemens, Dr."]
[Black "Zhukov, Maksim"]
[Result "1-0"]
[Board "241"]
[TimeControl "180+1"]
[WhiteFideId "24620351"]
[BlackFideId "34181790"]
[WhiteElo "2520"]
[BlackElo "2340"]
[WhiteTeam "GER"]
[BlackTeam "RUS"]
[WhiteClock "0:00:26"]
[BlackClock "0:00:16"]

1. d4 Nf6 2. c4 e6 3. Nf3 d5 4. g3 Bb4+ 5. Nbd2 O-O 6. Bg2 dxc4 7. O-O b5 8. a4 c6 9. Ne1 Nd5 10. Nc2 Be7 11. e4 Nb4 12. axb5 Nxc2 13. Qxc2 Qxd4 14. Qxc4 Qxc4 15. Nxc4 Bb7 16. Na5 Bc8 17. e5 Bc5 18. bxc6 Na6 19. Nb7 Bd4 20. Rxa6 Bxe5 21. Be3 Bxb2 22. Rb1 Bf6 23. Rxa7 Rxa7 24. Bxa7 h5 25. h4 Be5 26. Bc5 Re8 27. Bd6 Bf6 28. c7 g5 29. hxg5 Bxg5 30. Nc5 Be7 31. Rd1 Kg7 32. Bc6 Bxd6 33. Bxe8 Bxc5 34. Rd8 Bb7 35. c8=Q Bxc8 36. Rxc8 f5 37. Bd7 Kf6 38. Rxc5 Ke7 39. Ba4 Kd6 40. Ra5 e5 41. Bc2 f4 42. gxf4 exf4 43. Rxh5 f3 44. Rh3 Ke6 45. Rxf3 Ke5 46. Kg2 Kd4 47. Re3 Kd5 48. Re1 Kd6 49. f4 Kd7 50. f5 Kd6 51. f6 Kd5 52. f7 Kc4 53. f8=Q Kc3 54. Qd6 Kb2 55. Bh7 Ka2 56. Re2+ Kb3 57. Bg8+ Kc3 58. Qd2# 1-0

[Event "January 9 Early 2024"]
[Site "https://www.chess.com"]
[Date "2024.01.11"]
[Round "4"]
[White "Peiris, T G M"]
[Black "Thake, Conrad"]
[Result "1-0"]
[Board "242"]
[TimeControl "180+1"]
[WhiteFideId "9901310"]
[BlackFideId "5602947"]
[WhiteElo "2250"]
[BlackElo "1836"]
[WhiteTeam "SRI"]
[BlackTeam "MLT"]
[WhiteClock "0:00:09"]
[BlackClock "0:00:04"]

1. e4 c5 2. c3 e6 3. d4 d5 4. e5 Nc6 5. Nf3 Bd7 6. Be2 Qb6 7. O-O Rc8 8. a3 c4 9. Nbd2 Na5 10. Ne1 Nb3 11. Nxb3 Ba4 12. f4 Bxb3 13. Qd2 Ne7 14. Nf3 h6 15. Nh4 g6 16. Qe3 Bc2 17. g4 Be4 18. Bf3 Bd3 19. Rf2 Bg7 20. b4 a5 21. Bd2 axb4 22. axb4 Kd7 23. Be1 Ra8 24. Rfa2 Rxa2 25. Rxa2 Bb1 26. Ra1 Bd3 27. Qd2 Rb8 28. Ng2 Qd8 29. Bh4 Ra8 30. Qb2 Qb8 31. b5 Nc8 32. Ne1 Rxa1 33. Qxa1 Qa7 34. Qb2 b6 35. Nxd3 cxd3 36. Kf2 Qa5 37. Ke3 Na7 38. Kxd3 Qxb5+ 39. Qxb5+ Nxb5 40. Bd1 Kc6 41. Ba4 Bf8 42. Bf6 Ba3 43. h4 Bc1 44. f5 gxf5 45. g5 hxg5 46. Bxg5 Bxg5 47. hxg5 1-0

[Event "January 9 Early 2024"]
[Site "https://www.chess.com"]
[Date "2024.01.11"]
[Round "4"]
[White "Bologan, Victor"]
[Black "Chu, Wei Chao"]
[Result "0-1"]
[Board "243"]
[TimeControl "180+1"]
[WhiteFideId "13900048"]
[BlackFideId "8605661"]
[WhiteElo "2779"]
[BlackElo "2596"]
[WhiteTeam "MDA"]
[BlackTeam "CHN"]
[WhiteClock "0:00:25"]
[BlackClock "0:00:05"]

1. e4 e5 2. Nf3 Nc6 3. Bc4 Bc5 4. c3 Nf6 5. d3 d6 6. Nbd2 O-O 7. h3 a5 8. Nf1 a4 9. Ng3 Bd7 10. Bg5 h6 11. Bh4 Na5 12. Nh5 g5 13. Nxg5 Nxc4 14. Nxf6+ Qxf6 15. Nf3 Qg6 16. dxc4 Qxe4+ 17. Qe2 Qxe2+ 18. Kxe2 Be6 19. Nd2 f5 20. b4 axb3 21. axb3 Kf7 22. f4 e4 23. Bf2 Rg8 24. Bxc5 dxc5 25. Rxa8 Rxa8 26. g4 Ra2 27. gxf5 Bxf5 28. Ke3 Rc2 29. Nxe4 Bxe4 30. Kxe4 Rxc3 31. h4 Rxb3 32. Rd1 Rc3 33. Kf5 Ke7 34. Kg6 Rxc4 35. Re1+ Kf8 36. f5 Rxh4 37. Ra1 Ke7 38. f6+ Kd6 39. Rf1 Rg4+ 40. Kh7 Ra4 41. f7 Ra8 42. f8=Q+ Rxf8 43. Rxf8 c4 44. Kxh6 b5 45. Kg5 c3 46. Rf1 Ke5 47. Re1+ Kd4 48. Kf4 c2 49. Re7 c1=Q+ 50. Kf5 Qc5+ 51. Ke6 Qxe7+ 52. Kxe7 c5 53. Kd6 b4 0-1

[Event "January 9 Early 2024"]
[Site "https://www.chess.com"]
[Date "2024.01.11"]
[Round "4"]
[White "de Lisle, Sarah"]
[Black "Eggleston, Thomas A"]
[Result "1/2-1/2"]
[Board "244"]
[TimeControl "180+1"]
[WhiteFideId "402605"]
[BlackFideId "412139"]
[WhiteElo "1940"]
[BlackElo "2244"]
[WhiteTeam "ENG"]
[BlackTeam "ENG"]
[WhiteClock "0:00:19"]
[BlackClock "0:00:03"]

1. e4 e6 2. d4 d5 3. e5 c5 4. c3 Nc6 5. Nf3 Qb6 6. b3 cxd4 7. cxd4 Bb4+ 8. Bd2 Nxd4 9. Bd3 Nxf3+ 10. Qxf3 Bxd2+ 11. Nxd2 Qd4 12. O-O Qxe5 13. Bb5+ Kf8 14. Rfe1 Qf6 15. Qxd5 g6 16. Qd6+ Qe7 17. Qe5 f6 18. Qg3 Nh6 19. Ne4 Nf5 20. Qf3 Kg7 21. Rad1 a6 22. Bc4 b5 23. Ng3 Bb7 24. Nxf5+ gxf5 25. Qg3+ Kf8 26. Rxe6 Rg8 27. Rxe7 Rxg3 28. hxg3 Kxe7 29. Re1+ Kd6 30. Bd3 Kc5 31. Bxf5 Rd8 32. Re2 Rd5 33. Be4 Re5 34. f3 f5 35. Bd3 Rxe2 36. Bxe2 Kb4 37. Bd3 Ka3 38. Bxf5 Kxa2 39. Be6 Kb2 40. f4 Be4 41. f5 a5 42. f6 Bg6 43. f7 Bxf7 44. Bxf7 a4 45. bxa4 bxa4 46. g4 a3 47. Kf2 a2 48. Bxa2 Kxa2 49. Ke3 Kb3 50. Kf4 Kc4 51. g5 Kd5 52. Kf5 Kd6 53. g6 hxg6+ 54. Kg5 Ke5 55. Kxg6 Kf4 56. g4 Kxg4 1/2-1/2

[Event "January 9 Early 2024"]
[Site "https://www.chess.com"]
[Date "2024.01.11"]
[Round "4"]
[White "Drygalov, Sergey"]
[Black "Kosteniuk, Alexandra"]
[Result "1-0"]
[Board "245"]
[TimeControl "180+1"]
[WhiteFideId "24171743"]
[BlackFideId "4128125"]
[WhiteElo "2943"]
[BlackElo "2755"]
[WhiteTeam "RUS"]
[BlackTeam "SUI"]
[WhiteClock "0:00:27"]
[BlackClock "0:00:06"]

1. d4 Nf6 2. c4 e6 3. Nf3 Bb4+ 4. Nbd2 O-O 5. a3 Be7 6. e4 d6 7. Bd3 e5 8. b4 a5 9. Bb2 Bg4 10. Qb3 axb4 11. axb4 Rxa1+ 12. Bxa1 exd4 13. Nxd4 Nc6 14. O-O Nxd4 15. Bxd4 Nd7 16. h3 Be6 17. Qc3 Bf6 18. Bxf6 Qxf6 19. Qxf6 Nxf6 20. Ra1 Rb8 21. f4 Bc8 22. Ra7 Kf8 23. Kf2 Ng8 24. Nf3 Ne7 25. b5 Bd7 26. e5 Nc8 27. Ra1 h6 28. Be2 Ke7 29. g4 f6 30. exf6+ Kxf6 31. Nd2 Nb6 32. Ra7 Be6 33. h4 Ke7 34. f5 Bf7 35. Ke3 Nd7 36. Kd4 Nc5 37. Bf3 Kd7 38. g5 hxg5 39. hxg5 g6 40. Ne4 gxf5 41. Nxc5+ dxc5+ 42. Kxc5 b6+ 43. Kd4 Kd6 44. Ra1 Rg8 45. Rg1 Bg6 46. Bd5 Rf8 47. Rh1 Bf7 48. Rh6+ Ke7 49. Rh7 Ke8 50. Bxf7+ Rxf7 51. Rxf7 Kxf7 52. Ke5 Kg6 53. Kf4 1-0

[Event "January 9 Early 2024"]
[Site "https://www.chess.com"]
[Date "2024.01.11"]
[Round "4"]
[White "Novozhilov, Semen"]
[Black "Burmakin, Evgeniy"]
[Result "1-0"]
[Board "246"]
[TimeControl "180+1"]
[WhiteFideId "24289167"]
[BlackFideId "4163729"]
[WhiteElo "2697"]
[BlackElo "2424"]
[WhiteTeam "RUS"]
[BlackTeam "RUS"]
[WhiteClock "0:00:17"]
[BlackClock "0:00:03"]

1. d4 Nf6 2. Nf3 g6 3. Nc3 d5 4. Bf4 Bg7 5. Nb5 Na6 6. e3 c6 7. Nc3 O-O 8. Be2 Nc7 9. Ne5 Ne6 10. g4 Nxf4 11. exf4 Nd7 12. h4 f6 13. Nxd7 Bxd7 14. g5 Qc7 15. Qd2 fxg5 16. fxg5 Qf4 17. Qxf4 Rxf4 18. f3 Bxd4 19. O-O-O e5 20. Kd2 Raf8 21. Rdf1 Kg7 22. Bd1 Bb6 23. a3 e4 24. Na4 exf3 25. Nxb6 axb6 26. Ke3 f2 27. Rh2 d4+ 28. Kd2 c5 29. Be2 h5 30. gxh6+ Kxh6 31. Bd3 R8f6 32. b3 Bg4 33. a4 Kh5 34. Bb5 Rf3 35. Be2 R3f4 36. Bc4 Bd7 37. Be2+ Kh6 38. Bd3 Bc6 39. Ke2 Bf3+ 40. Kd2 Bg4 41. Bc4 Kg7 42. Bd5 Bc8 43. Ke2 Bg4+ 44. Kd2 Bf3 45. Rhxf2 Bxd5 46. Rxf4 Re6 47. Rf7+ Kh6 48. Rd7 Bc6 49. Rd8 Re4 50. Rg1 Rf4 51. h5 gxh5 52. Rh8# 1-0

[Event "January 9 Early 2024"]
[Site "https://www.chess.com"]
[Date "2024.01.11"]
[Round "4"]
[White "Szalay, Karoly"]
[Black "Matveeva, Olga"]
[Result "0-1"]
[Board "247"]
[TimeControl "180+1"]
[WhiteFideId "2600544"]
[BlackFideId "24107018"]
[WhiteElo "2564"]
[BlackElo "2406"]
[WhiteTeam "CAN"]
[BlackTeam "RUS"]
[WhiteClock "0:00:17"]
[BlackClock "0:00:09"]

1. e4 c6 2. d4 d5 3. exd5 cxd5 4. c4 Nf6 5. Nc3 Nc6 6. h3 e6 7. Nf3 Be7 8. Bd3 dxc4 9. Bxc4 O-O 10. O-O b6 11. Be3 Bb7 12. Qe2 Rc8 13. Rac1 Nb4 14. Ne5 Nbd5 15. Rfd1 Nxc3 16. Rxc3 Nd5 17. Rc2 Bf6 18. a3 Nxe3 19. Qxe3 Bd5 20. Rdc1 Bxc4 21. Rxc4 Rxc4 22. Rxc4 Qd5 23. Rc7 a5 24. Qc3 g6 25. Nf3 Rd8 26. Qc6 Bxd4 27. Qxd5 Rxd5 28. Nxd4 Rxd4 29. Rc6 b5 30. Rc5 Rd5 31. Rc7 Kg7 32. b4 axb4 33. axb4 Kf6 34. Rb7 g5 35. g4 Kg6 36. Kg2 h6 37. Kg3 f5 38. gxf5+ exf5 39. Rb6+ Kh5 40. f3 f4+ 41. Kg2 Rd2+ 42. Kf1 Kh4 43. Rxh6+ Kg3 44. Rh5 Kxf3 45. Ke1 Re2+ 46. Kd1 Re5 47. h4 Kg4 48. Rxg5+ Rxg5 49. hxg5 Kxg5 50. Ke2 Kg4 0-1